 Dungeon Sprint DCSS version 0.18.1-8-gdd0e5ea (webtiles) character file.

107047 Groucho the Slingshot (level 17, 0/132 HPs)
             Began as a Halfling Hunter on June 9, 2016.
             Was the Champion of Cheibriados.
             Killed from afar by a shadow dragon (18 damage)
             ... with a bolt of negative energy
             ... in the Dungeon (Sprint V: "Ziggurat Sprint").
             The game lasted 00:23:13 (4834 turns).

Groucho the Slingshot (Halfling Hunter)             Turns: 4834, Time: 00:23:13

Health: 0/132      AC: 43    Str: 41    XL:     17   Next: 0%
Magic:  7/30       EV: 27    Int: 25    God:    Cheibriados [******]
Gold:   0          SH: 40    Dex: 36    Spells: 0 memorised, 16 levels left

rFire  . . .     SeeInvis +     y - +5 greatsling (freeze)
rCold  + + .     Gourm    .     K - +15 Maxwell's patent armour {-Cast -Tele rElec MR+ rCorr}
rNeg   + . .     Faith    .     L - +18 shield of the gong {rElec rN+ MR+ EV-5}
rPois  +         Spirit   .     O - +2 helmet {SInv}
rElec  +         Dismiss  .     P - +0 cloak {rPois}
rCorr  +         Reflect  .     Z - +0 pair of gloves {Str+3}
SustAt .         Harm     .     (no boots)
MR     ++++.     NoTele   +     Q - amulet of magic regeneration
Stlth  .......... NoCast   +    Y - ring of Lomeew {rC++ MR+ Dex+4 Slay+3}
                                C - +6 ring of strength

@: studying Polearms, drained, very slow, incredibly resistant to hostile
enchantments, extremely unstealthy
A: mutation resistance 1
a: Bend Time, Temporal Distortion, Slouch, Step From Time, Renounce Religion


You were in the Dungeon.
You worshipped Cheibriados.
Cheibriados was exalted by your worship.
You were near starving.

You visited 1 branch

Inventory:

Hand Weapons
 y - a +5 greatsling of freezing (weapon)
 J - the cursed +14 obsidian axe {chop, +Fly Str+3 SInv *Curse}
   (You found it in the Dungeon)

   It inflicts extra damage upon your enemies.
   It affects your strength (+3).
   It lets you see invisible.
   It lets you fly.
   It may re-curse itself when equipped.
   It has a curse placed upon it.
 M - the +8 lance "Wyrmbane" {slay drac, +Rage rPois rF+ AC+5}
   (You found it in the Dungeon)

   It affects your AC (+5).
   It protects you from fire.
   It protects you from poison.
   It lets you go berserk.
 N - the +6 shillelagh "Devastator" {shatter}
   (You found it in the Dungeon)
 R - the +8 mithril axe "Arga" {speed, MR+ Str+2}
   (You found it in the Dungeon)

   Attacks with this weapon are significantly faster.
   It affects your strength (+2).
   It affects your resistance to hostile enchantments.
   Cheibriados disapproves of the use of such an item.
Missiles
 d - 970 sling bullets (quivered)
Armour
 a - a +5 gold dragon armour
 K - the +15 Maxwell's patent armour (worn) {-Cast -Tele rElec MR+ rCorr}
   (You found it in the Dungeon)

   It insulates you from electricity.
   It affects your resistance to hostile enchantments.
   It prevents spellcasting.
   It prevents most forms of teleportation.
   It protects you from acid and corrosion.
 L - the +18 shield of the gong (worn) {rElec rN+ MR+ EV-5}
   (You found it in the Dungeon)

   It affects your evasion (-5).
   It insulates you from electricity.
   It protects you from negative energy.
   It affects your resistance to hostile enchantments.
 O - a +2 helmet of see invisible (worn)
 P - a +0 cloak of poison resistance (worn)
 Z - a +0 pair of gloves of strength (worn)
Jewellery
 A - the ring of the Invisible Hand {rN+ Str+2}
   (You found it in the Dungeon)

   [ring of strength]

   It affects your strength (+2).
   It protects you from negative energy.
 B - the ring of Exarghimosk {rF+ rN+ SInv}
   (You found it in the Dungeon)

   [ring of positive energy]

   It protects you from fire.
   It protects you from negative energy.
   It lets you see invisible.
 C - a +6 ring of strength (left hand)
 D - a +6 ring of strength
 Q - an amulet of magic regeneration (around neck)
 U - the ring of Toofeg {rPois rC+ Slay+3}
   (You found it in the Dungeon)

   [ring of poison resistance]

   It affects your accuracy and damage with ranged weapons and melee attacks
   (+3).
   It protects you from cold.
   It protects you from poison.
 Y - the ring of Lomeew (right hand) {rC++ MR+ Dex+4 Slay+3}
   (You found it in the Dungeon)

   [ring of protection from magic]

   It affects your dexterity (+4).
   It affects your accuracy and damage with ranged weapons and melee attacks
   (+3).
   It greatly protects you from cold.
   It affects your resistance to hostile enchantments.
Wands
 F - a wand of disintegration (7/24)
 G - a wand of iceblast (5/15)
 H - a wand of lightning (5/15)
 I - a wand of acid (5/15)
Scrolls
 k - 4 scrolls of blinking
 p - 4 scrolls of amnesia
 q - 4 scrolls of recharging
 r - 7 scrolls of fog
 s - a scroll of holy word
 t - 5 scrolls of identify
 u - 5 scrolls of remove curse
 v - 2 scrolls of fear
 z - 7 scrolls of brand weapon
Potions
 b - 2 potions of brilliance
 c - a potion of invisibility
 e - 10 potions of curing
 g - 10 potions of heal wounds
 h - 6 potions of haste
 i - 4 potions of magic
 j - 3 potions of berserk rage
 l - 4 potions of resistance
 m - a potion of experience
 n - 5 potions of agility
 o - 7 potions of might
Books
 T - a manual of Polearms
Miscellaneous
 E - 4 phantom mirrors
Comestibles
 f - 5 bread rations
 w - 33 fruits
 x - 3 meat rations


   Skills:
 + Level 17.1(16.3) Fighting
 * Level 24.9(24.0) Slings
 * Level 24.4(23.5) Armour
 * Level 16.5(15.7) Dodging
 - Level 1.1(0.6) Stealth
 * Level 22.9(22.1) Shields
 + Level 19.6(18.8) Invocations


You had 16 spell levels left.
You didn't know any spells.

Dungeon Overview and Level Annotations

Branches:
Dungeon (1/1)

Altars:
Ashenzari
Cheibriados
Dithmenos
Elyvilon
Fedhas
Gozag
Kikubaaqudgha
Makhleb
Nemelex Xobeh
Okawaru
Pakellas
Qazlal
Ru
Sif Muna
Trog
Vehumet
Xom
Yredelemnul
Zin
The Shining One
Beogh
Jiyva
Lugonu


Innate Abilities, Weirdness & Mutations

You are small and have problems with some larger weapons.
You are somewhat resistant to further mutation.


Message History

GONNNNG!
Unknown command.
Firing (i - inventory):
d - 971 sling bullets (quivered)
Press: ? - help, Shift-Dir - straight line, f/p - shadow dragon
Aim: a shadow dragon (almost dead)
You shoot a sling bullet.
The sling bullet barely misses the shadow dragon.
The sling bullet closely misses the shadow dragon.
You block the shadow dragon's attack.
GONNNNG!
You block the shadow dragon's attack.
GONNNNG!
You block the shadow dragon's attack.
SHROANNG!
The shadow dragon completely misses you.
The shadow dragon claws you but does no damage.
The shadow dragon barely misses you.
The shadow dragon breathes negative energy at you.
The bolt of negative energy hits you! You partially resist.
You feel drained.
You die...

▓........
..........(..
▓........
...........
▓........
.........
▓▓▓▓▓▓▓▓▓
....... .
▓▓†....▓▓ .
...▓....)..▓...
......nDD......
(.....(@DD....(
▓▓▓▓▓▓▓▓▓▓▓▓▓▓▓


You could see a ghoul and 4 shadow dragons.

Vanquished Creatures
  A bone dragon (D)
  2 doom hounds (D)
  8 titans (D)
  A tentacled starspawn (D)
  4 shadow dragons (D)
  8 storm dragons (D)
  A draconian knight (D)
  A draconian zealot (D)
  4 ghouls (D)
  An ironheart preserver (D)
  2 reapers (D)
  A green draconian (D)
  A stone giant (D)
  A black draconian (D)
  2 white draconians (D)
  3 purple draconians (D)
  2 dire elephants (D)
  A merfolk javelineer (D)
  3 merfolk impalers (D)
  8 spriggan air magi (D)
  An alligator snapping turtle (D)
  A merfolk aquamancer (D)
  2 dancing weapons (D)
  A satyr (D)
  2 spriggan berserkers (D)
  A hell hog (D)
  A deep elf knight (D)
  A spriggan (D)
  An orc high priest (D)
  10 soul eaters (D)
  2 skeletal warriors (D)
  A shadow demon (D)
  2 sea snakes (D)
  A flayed ghost (D)
  2 spriggan druids (D)
  2 necromancers (D)
  2 deep elf archers (D)
  An orc knight (D)
  2 shambling mangroves (D)
  A deep elf mage (D)
  An ironbrand convoker (D)
  A faun (D)
  A manticore (D)
  2 oklob plants (D)
  A harpy (D)
  An orc sorcerer (D)
  4 draconians (D)
  A water nymph (D)
  A vault sentinel (D)
  An eye of devastation (D)
  5 freezing wraiths (D)
  A tormentor (D)
  3 rime drakes (D)
  2 dryads (D)
  9 ice devils (D)
  2 red devils (D)
  An ancient zyme (D)
  2 jumping spiders (D)
  A troll (D)
  A merfolk (D)
  6 wind drakes (D)
  A boulder beetle (D)
  A snapping turtle (D)
  5 air elementals (D)
  2 flying skulls (D)
  A tarantella (D)
  A vampire (D)
  3 wraiths (D)
  A fire elemental (D)
  A hungry ghost (D)
  A warg (D)
  5 insubstantial wisps (D)
  3 hell hounds (D)
  A giant eyeball (D)
  4 wasps (D)
  5 orc warriors (D)
  A wolf (D)
  2 necrophages (D)
  2 phantoms (D)
  An eye of draining (D)
  2 ogres (D)
  2 scorpions (D)
  4 wights (D)
  A crimson imp (D)
  An iron imp (D)
  A shadow imp (D)
  4 white imps (D)
  3 ufetubi (D)
  3 oozes (D)
  8 adder skeletons (D)
  9 adder zombies (D)
  5 bat skeletons (D)
  9 bat zombies (D)
  2 ball python skeletons (D)
  3 giant cockroach zombies (D)
  A giant gecko skeleton (D)
  A giant gecko zombie (D)
  A jackal zombie (D)
  A quokka skeleton (D)
  A spectral giant gecko (D)
  A butterfly (D)
243 creatures vanquished.

Vanquished Creatures (others)
  A black draconian (D)
  A merfolk impaler (D)
  2 starspawn tentacles (D)
  5 starspawn tentacle segments (D)
9 creatures vanquished.

Grand Total: 252 creatures vanquished

Notes
Turn   | Place    | Note
--------------------------------------------------------------
     0 | D        | Groucho the Halfling Hunter began the quest for the Orb.
     0 | D        | Reached XP level 1. HP: 14/14 MP: 1/1
    11 | D        | Found an iron altar of Okawaru.
    11 | D        | Found a radiant altar of Vehumet.
    11 | D        | Found a shimmering altar of Xom.
    11 | D        | Found a burning altar of Makhleb.
    11 | D        | Found a deep blue altar of Sif Muna.
    13 | D        | Found a bloodstained altar of Trog.
    14 | D        | Found a roughly hewn altar of Beogh.
    14 | D        | Found a viscous altar of Jiyva.
    14 | D        | Found a corrupted altar of Lugonu.
    14 | D        | Found a white marble altar of Elyvilon.
    14 | D        | Found a sparkling altar of Nemelex Xobeh.
   129 | D        | Became a worshipper of Cheibriados the Contemplative
   143 | D        | Entered arena 1.
   143 | D        | Noticed a phantom
   143 | D        | Noticed a phantom
   153 | D        | Killed a phantom
   153 | D        | Reached skill level 5 in Armour
   153 | D        | Reached skill level 5 in Shields
   153 | D        | Reached XP level 2. HP: 11/19 MP: 2/2
   153 | D        | Reached XP level 3. HP: 14/24 MP: 3/3
   153 | D        | Reached XP level 4. HP: 17/29 MP: 4/4
   166 | D        | Killed a phantom
   166 | D        | Reached * piety under Cheibriados
   166 | D        | Reached skill level 10 in Slings
   166 | D        | Reached XP level 5. HP: 21/34 MP: 5/5
   196 | D        | Entered arena 2.
   196 | D        | Noticed a hell hound
   202 | D        | Killed a hell hound
   202 | D        | Reached ** piety under Cheibriados
   202 | D        | Reached XP level 6. HP: 26/39 MP: 5/8
   226 | D        | Entered arena 3.
   226 | D        | Noticed a draconian
   226 | D        | Noticed a draconian
   226 | D        | Noticed a draconian
   226 | D        | Noticed a draconian
   244 | D        | Killed a draconian
   244 | D        | Reached *** piety under Cheibriados
   244 | D        | Reached XP level 7. HP: 16/44 MP: 8/11
   253 | D        | Killed a draconian
   253 | D        | Reached skill level 10 in Armour
   253 | D        | Reached skill level 10 in Shields
   253 | D        | Reached XP level 8. HP: 8/49 MP: 8/13
   261 | D        | Killed a draconian
   261 | D        | Reached **** piety under Cheibriados
   271 | D        | Killed a draconian
   271 | D        | Reached XP level 9. HP: 37/54 MP: 11/16
   487 | D        | Got the ring of the Invisible Hand {rN+ Str+2}
   488 | D        | Entered arena 4.
   488 | D        | Noticed an ironheart preserver
   488 | D        | Noticed a boulder beetle
   488 | D        | Noticed a vault sentinel
   488 | D        | Noticed an ironbrand convoker
   492 | D        | Killed an ironbrand convoker
   492 | D        | Reached skill level 10 in Invocations
   509 | D        | Killed a vault sentinel
   540 | D        | Killed an ironheart preserver
   540 | D        | Reached XP level 10. HP: 25/60 MP: 9/18
   740 | D        | Entered arena 5.
   744 | D        | Reached ***** piety under Cheibriados
   869 | D        | Entered arena 6.
   871 | D        | Reached ****** piety under Cheibriados
   998 | D        | Entered arena 7.
   998 | D        | Noticed an eye of devastation
  1009 | D        | Killed an eye of devastation
  1314 | D        | Entered arena 8.
  1314 | D        | Noticed a deep elf archer
  1314 | D        | Noticed a deep elf knight
  1314 | D        | Noticed a flail of crushing
  1314 | D        | Noticed a deep elf archer
  1314 | D        | Noticed a deep elf mage
  1314 | D        | Noticed a scimitar of holy wrath
  1317 | D        | Killed a scimitar of holy wrath
  1317 | D        | Reached skill level 5 in Fighting
  1317 | D        | Killed a flail of crushing
  1317 | D        | Reached XP level 11. HP: 72/72 MP: 15/20
  1319 | D        | Killed a deep elf knight
  1319 | D        | Killed a deep elf archer
  1319 | D        | Reached skill level 15 in Armour
  1319 | D        | Reached skill level 15 in Shields
  1319 | D        | Killed a deep elf mage
  1322 | D        | Killed a deep elf archer
  1636 | D        | Entered arena 9.
  1636 | D        | Noticed a tentacled starspawn
  1642 | D        | Killed a tentacled starspawn
  1853 | D        | Entered arena 10.
  1856 | D        | Reached XP level 12. HP: 68/85 MP: 15/22
  2087 | D        | Got the ring "Ufru" {Ice Str-2 Int+6}
  2096 | D        | Entered arena 11.
  2096 | D        | Noticed a purple draconian
  2096 | D        | Noticed a black draconian
  2096 | D        | Noticed a black draconian zealot
  2096 | D        | Noticed a black draconian
  2096 | D        | Noticed a purple draconian
  2097 | D        | Noticed a purple draconian
  2097 | D        | Noticed a red draconian knight
  2097 | D        | Noticed a white draconian
  2097 | D        | Noticed a green draconian
  2099 | D        | Noticed a white draconian
  2104 | D        | Killed a black draconian
  2105 | D        | Killed a purple draconian
  2105 | D        | Reached skill level 10 in Fighting
  2105 | D        | Killed a purple draconian
  2105 | D        | Killed a white draconian
  2105 | D        | HP: 1/89 [black draconian/bolt of lightning (12)]
  2107 | D        | Killed a green draconian
  2107 | D        | Killed a black draconian
  2107 | D        | Killed a purple draconian
  2107 | D        | Killed a white draconian
  2107 | D        | Killed a black draconian zealot
  2107 | D        | Reached XP level 13. HP: 26/96 MP: 18/24
  2108 | D        | Killed a red draconian knight
  2512 | D        | Entered arena 12.
  2521 | D        | Noticed a ghoul
  2533 | D        | Reached skill level 15 in Invocations
  2535 | D        | Reached skill level 15 in Slings
  2541 | D        | Killed a ghoul
  2572 | D        | Entered arena 13.
  2574 | D        | Noticed a shadow dragon
  2574 | D        | Noticed a shadow dragon
  2574 | D        | Noticed a ghoul
  2583 | D        | Killed a shadow dragon
  2585 | D        | Killed a shadow dragon
  2589 | D        | Killed a ghoul
  2795 | D        | Entered arena 14.
  2799 | D        | Noticed a stone giant
  2803 | D        | Reached XP level 14. HP: 107/107 MP: 19/25
  2807 | D        | Killed a stone giant
  2823 | D        | Got the ring "Veckops" {Fire rElec MR+ Str-3 Stlth+}
  2845 | D        | Entered arena 15.
  2846 | D        | Noticed a storm dragon
  2846 | D        | Noticed a storm dragon
  2846 | D        | Noticed a titan
  2846 | D        | Noticed a storm dragon
  2846 | D        | Noticed a titan
  2847 | D        | Noticed a titan
  2852 | D        | Killed a titan
  2853 | D        | Killed a storm dragon
  2853 | D        | Killed a storm dragon
  2854 | D        | Killed a titan
  2854 | D        | Reached skill level 15 in Fighting
  2858 | D        | Killed a storm dragon
  2860 | D        | Killed a titan
  2883 | D        | Got the ring of Toofeg {rPois rC+ Slay+3}
  3219 | D        | Entered arena 16.
  3226 | D        | Reached skill level 5 in Dodging
  3227 | D        | Reached XP level 15. HP: 51/116 MP: 8/27
  3282 | D        | Got the ring of Lomeew {rC++ MR+ Dex+4 Slay+3}
  3382 | D        | Entered arena 17.
  3385 | D        | Noticed a reaper
  3392 | D        | Reached skill level 10 in Dodging
  3398 | D        | Killed a reaper
  3626 | D        | Got the ring of Exarghimosk {rF+ rN+ SInv}
  3829 | D        | Entered arena 18.
  3847 | D        | Identified a +3 rod of inaccuracy (9/12)
  4071 | D        | Entered arena 19.
  4078 | D        | Noticed a storm dragon
  4078 | D        | Noticed a storm dragon
  4078 | D        | Noticed a titan
  4078 | D        | Noticed a titan
  4078 | D        | Noticed a titan
  4078 | D        | Noticed a storm dragon
  4078 | D        | Noticed a storm dragon
  4079 | D        | Noticed a titan
  4079 | D        | Noticed a storm dragon
  4079 | D        | Noticed a titan
  4085 | D        | Killed a storm dragon
  4085 | D        | Killed a storm dragon
  4085 | D        | Killed a storm dragon
  4085 | D        | Killed a storm dragon
  4086 | D        | Killed a storm dragon
  4086 | D        | Reached XP level 16. HP: 32/124 MP: 5/29
  4089 | D        | Killed a titan
  4089 | D        | Killed a titan
  4089 | D        | Killed a titan
  4090 | D        | Killed a titan
  4090 | D        | Killed a titan
  4497 | D        | Entered arena 20.
  4503 | D        | Noticed a bone dragon
  4531 | D        | Killed a bone dragon
  4531 | D        | Reached skill level 15 in Dodging
  4805 | D        | Entered arena 21.
  4805 | D        | Noticed a doom hound
  4811 | D        | Noticed a shadow dragon
  4811 | D        | Killed a doom hound
  4812 | D        | Noticed a shadow dragon
  4813 | D        | Noticed a shadow dragon
  4815 | D        | Noticed a shadow dragon
  4817 | D        | Noticed a shadow dragon
  4818 | D        | Noticed a doom hound
  4819 | D        | Noticed a shadow dragon
  4821 | D        | Killed a shadow dragon
  4824 | D        | Killed a doom hound
  4832 | D        | Killed a shadow dragon
  4832 | D        | Reached XP level 17. HP: 22/132 MP: 6/30
  4834 | D        | Killed from afar by a shadow dragon

Skill      XL: |  1  2  3  4  5  6  7  8  9 10 11 12 13 14 15 16 |
---------------+-------------------------------------------------+-----
Slings         | 9 10 11 12 13 14 17 20 22 24 | 24.9
Armour         | 5 6 7 9 10 11 13 14 16 18 19 21 22 24 | 24.4
Shields        | 5 6 7 9 10 11 13 14 16 18 19 21 22 | 22.9
Invocations    | 3 6 7 9 11 12 13 14 15 17 18 19 | 19.6
Fighting       | 6 9 11 13 15 16 17 | 17.1
Dodging        | 7 13 16 | 16.5
Stealth        | |  1.1

Action                   |  1- 3 |  4- 6 |  7- 9 | 10-12 | 13-15 | 16-18 || total
-------------------------+-------+-------+-------+-------+-------+-------++-------
Melee: Lance             |       |       |    25 |    20 |       |       ||    45
 Fire: Greatsling        |    10 |    39 |    42 |    26 |   102 |    45 ||   264
Invok: Slouch            |       |       |     3 |    18 |    30 |    17 ||    68
       Temporal Distorti |       |       |       |     1 |     2 |     1 ||     4
  Use: Potion            |       |       |     3 |     3 |       |     2 ||     8
       Scroll            |       |       |       |     1 |       |       ||     1
 Stab: Invisible         |       |       |    10 |       |       |       ||    10
  Eat: Fruit             |       |       |       |     9 |       |       ||     9
       Meat ration       |       |       |       |       |     1 |       ||     1
Armor: Plate armour      |     2 |    12 |    11 |    13 |    32 |    31 ||   101
Dodge: Dodged            |       |     2 |     1 |     3 |    32 |    68 ||   106
Block: Shield            |     3 |    48 |    75 |    36 |   102 |   142 ||   406
